 Dungeon Crawl Stone Soup version 0.19.1-1-g22dce08 (webtiles) character file.

3992 empire the Digger (level 9, -21/67 HPs)
             Began as a Demigod Earth Elementalist on Jan 17, 2017.
             Killed from afar by Erica (27 damage)
             ... with a bolt of poison
             ... on level 8 of the Dungeon.
             The game lasted 00:25:40 (8830 turns).

empire the Digger (Demigod Earth Elementalist)      Turns: 8830, Time: 00:25:40

Health: -21/67     AC:  9    Str: 13    XL:     9   Next: 73%
Magic:  21/21      EV: 11    Int: 23    God:
Gold:   344        SH:  4    Dex: 16    Spells: 5 memorised, 4 levels left

rFire  + . .     SeeInvis .     a - +5 war axe
rCold  . . .     Gourm    .     h - +1 ring mail of the Unseen Realm {rElec rF+}
rNeg   . . .     Faith    .     (no shield)
rPois  .         Spirit   .     (no helmet)
rElec  +         Reflect  +     (no cloak)
rCorr  .         Harm     .     (no gloves)
MR     .....                    y - +2 pair of boots
Stlth  +.........               r - +4 amulet of reflection
                                (no ring)
                                (no ring)

@: lethally poisoned (-21 -> -28)
A: high mp 1
a: no special abilities


You were on level 8 of the Dungeon.
You were hungry.

You visited 2 branches of the dungeon, and saw 10 of its levels.

You collected 344 gold pieces.

Inventory:

Hand Weapons
 a - a +5 war axe (weapon)
 m - a +0 war axe of venom
 o - a +1 dagger of venom
 v - a +2 short sword of draining
 x - a +2 dagger of venom
 B - a +0 long sword
 C - a cursed -1 short sword
 D - a +3 short sword
 E - a +1 hand axe of flaming
 F - a +3 war axe
 G - a +0 arbalest
 I - a cursed +1 short sword
 J - a +1 spear of flaming
 L - a +2 short sword of venom
 N - a +2 vampiric rapier
Missiles
 b - 78 stones (quivered)
Armour
 h - the +1 ring mail of the Unseen Realm (worn) {rElec rF+}
   (You found it on level 5 of the Dungeon)

   It protects you from fire.
   It insulates you from electricity.
 y - a +2 pair of boots (worn)
 H - a cursed -2 leather armour
Jewellery
 r - a +4 amulet of reflection (around neck)
Wands
 p - a wand of polymorph (10/24)
 q - a wand of flame (0/48)
 M - a wand of disintegration (4/24)
Scrolls
 g - 2 scrolls of remove curse
 i - a scroll of noise
 n - a scroll of immolation
 K - a scroll of magic mapping
 O - a scroll of identify
Potions
 c - a potion of cure mutation
 f - 2 potions of mutation
 k - a potion of cancellation
Books
 e - a book of Geomancy

   Spells                             Type                      Level
   a - Sandblast                      Earth                        1
   b - Passwall                       Transmutation/Earth          2
   c - Stone Arrow                    Conjuration/Earth            3
   d - Petrify                        Transmutation/Earth          4
   e - Lee's Rapid Deconstruction     Earth                        5
 s - a book of Necromancy

   Spells                             Type                      Level
   a - Pain                           Necromancy                   1
   b - Animate Skeleton               Necromancy                   1
   c - Vampiric Draining              Necromancy                   3
   d - Regeneration                   Charms/Necromancy            3
   e - Animate Dead                   Necromancy                   4
   f - Control Undead                 Necromancy                   4
Comestibles
 d - 7 bread rations
 l - 3 beef jerkies
 t - 3 fruits
 u - a slice of pizza
 w - 3 meat rations
 z - a royal jelly


   Skills:
 - Level 2.0 Fighting
 - Level 2.6 Axes
 - Level 3.3 Armour
 - Level 1.7 Dodging
 - Level 1.7 Stealth
 + Level 5.7 Spellcasting
 + Level 4.8 Conjurations
 + Level 6.4 Transmutations
 + Level 6.7 Earth Magic
 + Level 2.4 Evocations


You had 4 spell levels left.
You knew the following spells:

 Your Spells              Type           Power        Failure   Level  Hunger
a - Sandblast             Erth           #####.       1%          1    None
b - Passwall              Tmut/Erth      #####.....   1%          2    None
c - Stone Arrow           Conj/Erth      ####..       6%          3    #......
d - Petrify               Tmut/Erth      #####...     12%         4    ###....
e - Lee's Rapid Deconstr  Erth           #####.....   34%         5    #####..


Dungeon Overview and Level Annotations

Branches:
Dungeon (9/15)             Temple (1/1) D:6            Lair (0/6) D:8
    Orc: D:9-12

Annotations:
D:6 galech's ghost, novice TrFi
D:7 barowei's ghost, novice DsWz
D:8 Erica


Innate Abilities, Weirdness & Mutations

You have an increased reservoir of magic. (+10% MP)


Message History

As you read the scroll of blinking, it crumbles to dust.
You are confused.
You bump into the rock wall.
Unknown command.
Autopickup is now on.
Autopickup is now off.
Autopickup is now on.
You're too confused!
Unknown command.
Your magical effects are unravelling.
You feel magically purged.
Your magical contamination has completely faded away.
You feel yourself speed up.
You feel less confused.
You feel a little less mighty now.
You hear some strange, mumbled words.
A bolt of poison appears from out of thin air!
Deactivating autopickup; reactivate with Ctrl-A.
The bolt of poison hits you!
You are lethally poisoned!
You die...

#............#.#..
..
#........###.#.#...
.. ##.#.........#
.. #.#.#..... . ..
#.#..### ## ..
#.#..# P. #..# ..
#..# .. #@.# ..
#....# ♣ ....##.#
P. #.... .# .P #...
.# .. ..... .# ##
##.. .# .. ##. .# #


There were no monsters in sight!

Vanquished Creatures
  An ugly thing (D:6)
  A hippogriff (D:8)
  Prince Ribbit (D:6)
  A hungry ghost (D:7)
  2 yaks (D:8)
  Menkaure (D:5)
  2 porcupines (D:8)
  A black bear (D:6)
  Duvessa (D:6)
  5 orc warriors
  A phantom (D:3)
  2 ogres
  2 bullfrogs
  Dowan (D:6)
  A scorpion (D:5)
  3 killer bees (D:6)
  3 wights (D:6)
  A jelly (D:6)
  A howler monkey (D:7)
  4 crimson imps
  A centaur skeleton (D:6)
  A bullfrog skeleton (D:6)
  3 orc priests
  An iguana (D:8)
  10 orc wizards
  3 worker ants
  A hound zombie (D:5)
  3 worker ant zombies (D:6)
  4 gnolls (D:6)
  8 adders
  2 river rats (D:8)
  A shadow imp (D:8)
  An ooze (D:2)
  2 adder skeletons
  2 worms
  A dart slug (D:1)
  2 leopard geckos (D:8)
  39 orcs
  4 giant cockroaches
  13 goblins
  4 hobgoblins
  4 jackals (D:6)
  3 kobolds
  3 quokkas
  3 ball pythons
  8 bats
  7 frilled lizards
  A jackal skeleton (D:4)
  A quokka skeleton (D:7)
  A quokka zombie (D:8)
  6 rats
178 creatures vanquished.

Vanquished Creatures (others)
  A plant (D:8)
1 creature vanquished.

Grand Total: 179 creatures vanquished

Notes
Turn   | Place    | Note
-------+----------+-------------------------------------------
     0 | D:1      | empire the Demigod Earth Elementalist began the quest for the Orb.
     0 | D:1      | Reached XP level 1. HP: 14/14 MP: 5/5
   699 | D:1      | Reached XP level 2. HP: 20/20 MP: 4/7
   708 | D:1      | Learned a level 2 spell: Passwall
   965 | D:2      | Reached skill level 1 in Transmutations
  1130 | D:2      | Reached XP level 3. HP: 18/26 MP: 1/9
  2162 | D:3      | Found a basalt altar of Yredelemnul.
  2336 | D:3      | Reached XP level 4. HP: 33/33 MP: 7/10
  2702 | D:3      | Noticed a phantom
  2721 | D:3      | Killed a phantom
  2721 | D:3      | Reached XP level 5. HP: 29/38 MP: 3/12
  2799 | D:3      | Found a deep blue altar of Sif Muna.
  3006 | D:4      | Learned a level 3 spell: Stone Arrow
  3011 | D:4      | Learned a level 4 spell: Petrify
  3151 | D:4      | Found a glowing golden altar of the Shining One.
  3167 | D:4      | Reached XP level 6. HP: 22/45 MP: 14/14
  3357 | D:4      | HP: 3/67 [poisoned by an orc]
  3961 | D:5      | Entered Level 5 of the Dungeon
  4219 | D:5      | Reached skill level 1 in Axes
  4293 | D:5      | Noticed Menkaure
  4305 | D:5      | Killed Menkaure
  4305 | D:5      | Reached skill level 1 in Fighting
  4305 | D:5      | Reached skill level 1 in Conjurations
  4310 | D:5      | Reached XP level 7. HP: 35/52 MP: 10/16
  4344 | D:5      | Got a steaming ring mail
  4345 | D:5      | Identified the +1 ring mail of the Unseen Realm {rElec rF+} (You found it on level 5 of the Dungeon)
  5121 | D:6      | Found a staircase to the Ecumenical Temple.
  5126 | Temple   | Entered the Ecumenical Temple
  5234 | D:6      | Noticed Duvessa
  5235 | D:6      | Noticed Dowan
  5241 | D:6      | Killed Duvessa
  5241 | D:6      | Reached skill level 5 in Earth Magic
  5246 | D:6      | Killed Dowan
  5246 | D:6      | Reached XP level 8. HP: 59/61 MP: 10/17
  5457 | D:6      | Noticed galech's ghost (novice TrFi)
  5472 | D:6      | HP: 2/61 [galech's ghost (7)]
  5865 | D:7      | Reached skill level 1 in Armour
  5950 | D:7      | Learned a level 5 spell: Lee's Rapid Deconstruction
  6332 | D:7      | Found a snail-covered altar of Cheibriados.
  6374 | D:7      | Reached skill level 5 in Transmutations
  6400 | D:7      | Noticed barowei's ghost (novice DsWz)
  6604 | D:6      | Reached skill level 5 in Spellcasting
  6881 | D:6      | Noticed a red ugly thing
  6899 | D:6      | Killed a green ugly thing
  6899 | D:6      | Reached XP level 9. HP: 19/67 MP: 1/20
  7238 | D:6      | Noticed Prince Ribbit
  7242 | D:6      | Killed Prince Ribbit
  7860 | D:6      | Reached skill level 1 in Evocations
  7930 | D:6      | Found a faded altar of an unknown god.
  7930 | D:6      | Found a bloodstained altar of Trog.
  7935 | D:6      | Found a sacrificial altar of Ru.
  7937 | D:6      | Found a faded altar of an unknown god.
  7938 | D:6      | Found a hide-covered altar of Uskayaw.
  8533 | D:8      | Found a staircase to the Lair.
  8803 | D:8      | Noticed Erica
  8830 | D:8      | Killed from afar by Erica

Skill      XL: |  1  2  3  4  5  6  7  8  9 |
---------------+----------------------------+-----
Spellcasting   | 2 3 4 5 |  5.7
Earth Magic    | 3 4 5 6 |  6.7
Transmutations | 1 2 3 4 5 6 |  6.4
Axes           | 1 2 |  2.6
Fighting       | 1 2 |  2.0
Conjurations   | 1 2 3 4 |  4.8
Armour         | 2 3 |  3.3
Evocations     | 2 |  2.4
Dodging        | |  1.7
Stealth        | |  1.7

Action                   |  1- 3 |  4- 6 |  7- 9 || total
-------------------------+-------+-------+-------++-------
Melee: Short sword       |       |     7 |       ||     7
       War axe           |       |    40 |   156 ||   196
 Cast: Sandblast         |    60 |    59 |    70 ||   189
       Stone Arrow       |       |       |    54 ||    54
Evoke: Wand              |       |       |    10 ||    10
  Use: Scroll            |     2 |     6 |    15 ||    23
       Potion            |       |    12 |     4 ||    16
 Stab: Sleeping          |       |       |     1 ||     1
  Eat: Chunk             |     4 |     7 |    18 ||    29
Armor: Robe              |     2 |    17 |       ||    19
       Ring mail         |       |       |   103 ||   103
Dodge: Dodged            |    18 |    68 |   137 ||   223
Block: Other             |       |     1 |    39 ||    40
       Reflection        |       |       |     2 ||     2
